 Dungeon Sprint DCSS version 0.21.2 (webtiles) character file.

123 Fang the Skirmisher (level 5, -4/38 HPs)
             Began as a Gargoyle Berserker on Dec 19, 2018.
             Was a Priest of Trog.
             Slain by a fire elemental (9 damage)
             ... summoned by a deep elf mage
             ... in the Dungeon (Sprint VII: "The Pits").
             The game lasted 00:00:51 (108 turns).

Fang the Skirmisher (Gargoyle Berserker)             Turns: 108, Time: 00:00:51

Health: -4/38      AC:  6    Str: 22    XL:     5   Next: 7%
Magic:  5/5        EV: 12    Int:  7    God:    Trog [***...]
Gold:   0          SH:  0    Dex:  9    Spells: 4/4 levels left

rFire    . . .     SeeInvis .   j - +2 hand axe
rCold    . . .     Gourm    .   (no shield)
rNeg     + . .     Faith    .   b - +0 animal skin
rPois    ∞         Spirit   .   (no helmet)
rElec    +         Reflect  .   (no cloak)
rCorr    .         Harm     .   (no gloves)
MR       .....     NoTele   +   (no boots)
Stlth    +.........             (no amulet)
HPRegen  0.12/turn              (no ring)
MPRegen  0.09/turn              (no ring)

@: liquid flames, berserk cooldown, slowed, glowing, very slow
A: negative energy resistance 1, electricity resistance, unbreathing,
petrification resistance, rot immunity, AC +4
a: Berserk, Trog's Hand, Burn Spellbooks, Renounce Religion


You were in the Dungeon.
You worshipped Trog.
Trog was most pleased with you.
You were not hungry.

You visited 1 branch

Inventory:

Hand Weapons
 j - a +2 hand axe (weapon)
Armour
 b - a +0 animal skin (worn)
Scrolls
 i - a scroll of blinking
 k - 3 scrolls of remove curse
 l - a scroll of summoning
Potions
 a - 2 potions of invisibility
 d - a potion of curing
 e - a potion of heal wounds
 f - a potion of haste
 g - 4 potions of magic
 h - 3 potions of berserk rage
Comestibles
 c - 9 rations


   Skills:
 + Level 7.1 Fighting
 + Level 6.4 Axes
 + Level 3.9 Armour
 + Level 2.7 Dodging
 + Level 0.4 Stealth


You had 4 spell levels left.
You didn't know any spells.

Dungeon Overview and Level Annotations

Branches:
Dungeon (1/1)

Altars:
Cheibriados
Dithmenos
Elyvilon
Fedhas
Gozag
Hepliaklqana
Makhleb
Nemelex Xobeh
Okawaru
Qazlal
Ru
Sif Muna
Trog
Vehumet
Wu Jian
Xom
Yredelemnul
Zin
The Shining One
Beogh
Jiyva
Lugonu


Innate Abilities, Weirdness & Mutations

You are resistant to torment.
Your stone body is resilient. (AC +4)
You are immune to poison.
You resist negative energy. (rN+)
You are resistant to electric shocks. (rElec)
You can survive without breathing.
You are immune to petrification.
You are immune to rotting.


Message History

The deep elf mage casts a spell at you. The sticky flame hits you!
You are covered in liquid flames!
The fire elemental closely misses you. x2
Unknown command.
You are covered in liquid flames!
The fire elemental hits you. The fire elemental burns you!
* * * LOW HITPOINT WARNING * * *
The fire elemental closely misses you. The fire elemental barely misses you.
The deep elf mage gestures wildly while chanting.
The deep elf mage blinks!
You see here a rat corpse.
You feel a strong urge to attack something.
You are covered in liquid flames!
* * * LOW HITPOINT WARNING * * *
You are no longer berserk.
You are exhausted.
You feel yourself slow down. The fire elemental hits you.
The fire elemental burns you!
You die...

#...........'.........
+#####'#####......#..
#†..#†# #.........
#...#.# ####'#####
#...'.# #.......#
##'#### #.......#
#.E.).# #.......#
#)E†Ee#+###...<...#
#..@.....##.......#
#........##.......#
###########.......#
#########


You could see a deep elf mage and 3 fire elementals.

Vanquished Creatures
  A floating eye (D)
  A gnoll (D)
  An adder (D)
  An orc (D)
  A goblin (D)
  A leopard gecko skeleton (D)
  2 rats (D)
8 creatures vanquished.

Notes
Turn   | Place    | Note
-------+----------+-------------------------------------------
     0 | D        | Fang the Gargoyle Berserker began the quest for the Orb.
     0 | D        | Reached XP level 1. HP: 14/14 MP: 1/1
    11 | D        | Noticed a floating eye
    15 | D        | Paralysed by a floating eye for 2 turns
    17 | D        | Killed a floating eye
    17 | D        | Reached skill level 6 in Fighting
    17 | D        | Reached XP level 2. HP: 23/23 MP: 2/2
    17 | D        | Reached XP level 3. HP: 28/28 MP: 3/3
    17 | D        | Reached XP level 4. HP: 32/32 MP: 4/4
    22 | D        | Found a bloodstained altar of Trog.
    22 | D        | Found a deep blue altar of Sif Muna.
    22 | D        | Found a viscous altar of Jiyva.
    22 | D        | Found a hazy altar of Hepliaklqana.
    22 | D        | Found an opulent altar of Gozag.
    23 | D        | Found a glowing golden altar of the Shining One.
    23 | D        | Found a glowing silver altar of Zin.
    23 | D        | Found a basalt altar of Yredelemnul.
    23 | D        | Found a shimmering altar of Xom.
    23 | D        | Found an ornate altar of the Wu Jian Council.
    23 | D        | Found a sacrificial altar of Ru.
    23 | D        | Found a stormy altar of Qazlal.
    23 | D        | Found an iron altar of Okawaru.
    23 | D        | Found a sparkling altar of Nemelex Xobeh.
    23 | D        | Found a burning altar of Makhleb.
    23 | D        | Found a blossoming altar of Fedhas.
    23 | D        | Found a white marble altar of Elyvilon.
    23 | D        | Found a shadowy altar of Dithmenos.
    23 | D        | Found a snail-covered altar of Cheibriados.
    25 | D        | Found a radiant altar of Vehumet.
    25 | D        | Found a corrupted altar of Lugonu.
    25 | D        | Found a roughly hewn altar of Beogh.
    65 | D        | Reached ** piety under Trog
    89 | D        | Noticed a deep elf mage
    95 | D        | Reached *** piety under Trog
    95 | D        | Reached skill level 7 in Fighting
    95 | D        | Reached XP level 5. HP: 38/38 MP: 5/5
   100 | D        | Noticed a fire elemental
   105 | D        | Noticed a fire elemental
   105 | D        | Noticed a fire elemental
   108 | D        | Slain by a fire elemental

Skill      XL: |  1  2  3  4 |
---------------+-------------+-----
Fighting       | 6 7 |  7.1
Axes           | 6 |  6.4
Armour         | 3 |  3.9
Dodging        | 2 |  2.7
Stealth        | |  0.4

Action                   |  1- 3 |  4- 6 || total
-------------------------+-------+-------++-------
Melee: Hand axe          |     4 |    22 ||    26
Invok: Berserk           |       |     1 ||     1
 Stab: Sleeping          |       |     2 ||     2
Armor: Animal skin       |       |     9 ||     9
Dodge: Dodged            |       |    18 ||    18
